 Dungeon Crawl Stone Soup version 0.29-a0-653-gd47aff6735 (webtiles) character file.

Game seed: 8724633058240094166

597 frimble the Sneak (level 7, -2/45 HPs)
             Began as an Octopode Warper on June 22, 2022.
             Slain by an orc
             ... wielding a +0 trident
              (5 damage)
             ... on level 7 of the Dungeon.
             The game lasted 00:07:00 (4206 turns).

frimble the Sneak (Octopode Warper)                 Turns: 4206, Time: 00:07:01

Health: -2/45      AC:  1    Str:  8 (11) XL:     7   Next: 40%
Magic:  0/19       EV: 13    Int: 20 (21) God:
Gold:   221        SH:  0    Dex: 11 (13) Spells: 2/10 levels left

rFire   . . .      SeeInvis .   a - +0 falchion (flame)
rCold   . . .      Faith    .   (no shield)
rNeg    . . .      Spirit   +   (helmet restricted)
rPois   .          Reflect  .   j - amulet of guardian spirit
rElec   .          Harm     .   t - +6 ring of intelligence
rCorr   .          Rampage  .   v - ring of magical power
Will    .....                   (no ring)
Stlth   ++++......              (no ring)
HPRegen 0.15/turn               (no ring)
MPRegen 0.16/turn               (no ring)
                                (no ring)
                                (no ring)

@: mighty
A: almost no armour, amphibious, 8 rings, camouflage 1, gelatinous body 1,
(nimble swimmer 1), tentacles
a: no special abilities


You were on level 7 of the Dungeon.
You visited 1 branch of the dungeon, and saw 7 of its levels.

You collected 221 gold pieces.

Inventory:

Hand Weapons
 a - a +0 falchion of flaming (weapon)
 f - a +1 dagger of freezing
Missiles
 c - 5 boomerangs of dispersal (quivered)
 u - 3 silver javelins
Armour
 w - a +0 kite shield
Jewellery
 j - an amulet of guardian spirit (around mantle)
 t - a +6 ring of intelligence (left tentacle)
 v - a ring of magical power (right tentacle)
Scrolls
 b - 2 scrolls of blinking
 d - a scroll of fog
 e - a scroll of enchant armour
 h - a scroll of immolation
 k - a scroll of poison
Potions
 i - a potion of brilliance
 n - a potion of lignification
 o - a potion of attraction


   Skills:
 - Level 2.1 Fighting
 - Level 3.2(3.7) Short Blades
 + Level 2.5(3.3) Long Blades
 - Level 1.2 Throwing
 - Level 2.4 Dodging
 + Level 5.2 Stealth
 - Level 2.1 Spellcasting
 + Level 4.9 Translocations
 + Level 3.1 Ice Magic


You had 2 spell levels left.
You knew the following spells:

 Your Spells              Type           Power      Damage    Failure   Level
a - Blink                 Tloc           42%        N/A       3%          2
b - Ozocubu's Armour      Ice            14%        N/A       13%         3
c - Gell's Gravitas       Tloc           21%        N/A       6%          3

Your spell library contained the following spells:

 Spells                   Type           Power      Damage    Failure   Level
 Lesser Beckoning         Tloc           21%        N/A       6%          3
 Teleport Other           Tloc           21%        N/A       6%          3
 Portal Projectile        Hex/Tloc       22%        N/A       17%         3
 Call Canine Familiar     Summ           2%         N/A       43%         3
 Manifold Assault         Tloc           21%        N/A       50%         5
 Leda's Liquefaction      Hex/Erth       1%         N/A       83%         4
 Ozocubu's Refrigeration  Ice            7%         4d6       100%        7


Dungeon Overview and Level Annotations

Branches:
Dungeon (7/15)
 Temple: D:4-7

Altars:

Annotations:
D:3 Sigmund
D:4 exclusion: ice beast


Innate Abilities, Weirdness & Mutations

You cannot wear most types of armour.
You are amphibious.
You can wear up to eight rings at the same time.
Your skin changes colour to match your surroundings (Stealth+).
Your rubbery body absorbs attacks. (AC +1, EV +1)
((You are camouflaged when in or above water. (Stealth+)))
You have tentacles for arms and can constrict up to eight enemies at once.


Message History

The orc hits you from afar with a +0 trident.
* * * LOW HITPOINT WARNING * * *
Something barely misses you.
You see here a bullfrog corpse.
You hit something but do no damage. The orc completely misses you.
Something hits you.
* * * LOW HITPOINT WARNING * * *
You closely miss something.
You hear some strange, mumbled words.
A puff of flame appears from out of thin air!
The puff of flame hits you.
* * * LOW HITPOINT WARNING * * *
The orc closely misses you. Something hits you.
* * * LOW HITPOINT WARNING * * *
You feel much better. The orc barely misses you. Something barely misses you.
You hit something. You burn something.
The orc hits you from afar with a +0 trident!
Something hits you.
You miss something. The orc barely misses you. Something hits you.
You closely miss something.
The orc hits you from afar with a +0 trident.
Something hits you.
* * * LOW HITPOINT WARNING * * *
You slash something! You burn something.
Reactivating autopickup.
You feel a bit more experienced. The orc barely misses you.
The orc hits you from afar with a +0 trident.
* * * LOW HITPOINT WARNING * * *
You feel your intelligence returning.
Okay, then.
Deactivating autopickup; reactivate with Ctrl-A.
You miss something. Something hits you.
* * * LOW HITPOINT WARNING * * *
Okay, then.
You aren't carrying any items that you can evoke.
Blink to where?
Press: ? - help, Dir - move target
As you read the scroll of blinking, it crumbles to dust.
The orc hits you from afar with a +0 trident.
You die...

#. # ##. .##
#..#######..#
#...........#
#..8.....8..#
#..........# ######
#....@.....# ##....#
#..........# ...##.#
#..o.......#
..###.######..........#
..........†o..8.....8.#
........####'.........#
...#..................#
...#..#...$...##......#
......#....... #......#


You could see 2 orcs.

Vanquished Creatures
  A water moccasin (D:7)
  An ogre (D:5)
  A bullfrog (D:7)
  A necrophage (D:4)
  An orc wizard (D:7)
  5 adders
  An ufetubus (D:7)
  4 worms
  3 dart slugs
  12 orcs
  12 ball pythons
  6 endoplasms
  4 giant cockroaches
  6 goblins
  2 hobgoblins
  6 kobolds
  2 quokkas
  3 bats
  2 frilled lizards
  8 rats
81 creatures vanquished.

Vanquished Creatures (collateral kills)
  An ogre (D:5)
  A hound (D:5)
2 creatures vanquished.

Vanquished Creatures (others)
  A plant (D:1)
  A withered plant (D:1)
2 creatures vanquished.

Grand Total: 85 creatures vanquished

Notes
Turn   | Place    | Note
-------+----------+-------------------------------------------
     0 | D:1      | frimble the Octopode Warper began the quest for the Orb.
     0 | D:1      | Reached XP level 1. HP: 14/14 MP: 3/3
   217 | D:1      | Reached XP level 2. HP: 9/19 MP: 5/5
   400 | D:1      | Found a faded altar of an unknown god.
   705 | D:1      | Reached skill level 1 in Stealth
   937 | D:1      | Learned a level 2 spell: Blink
  1303 | D:2      | Reached XP level 3. HP: 24/24 MP: 6/6
  1364 | D:2      | Reached skill level 1 in Short Blades
  1606 | D:2      | Reached skill level 2 in Stealth
  1612 | D:2      | Learned a level 3 spell: Ozocubu's Armour
  1844 | D:2      | Reached XP level 4. HP: 6/29 MP: 4/7
  2547 | D:3      | Noticed Sigmund
  2661 | D:4      | Noticed an ice beast
  2715 | D:3      | Reached skill level 1 in Ice Magic
  2945 | D:4      | Noticed a necrophage
  2952 | D:4      | Reached skill level 3 in Stealth
  2952 | D:4      | Reached XP level 5. HP: 19/34 MP: 5/8
  3466 | D:5      | Entered Level 5 of the Dungeon
  3620 | D:5      | Noticed an ogre
  3645 | D:5      | Noticed an ogre
  3648 | D:5      | Killed an ogre
  3649 | D:5      | Reached skill level 4 in Stealth
  3649 | D:5      | Reached XP level 6. HP: 30/39 MP: 9/9
  3875 | D:5      | Learned a level 3 spell: Gell's Gravitas
  4118 | D:7      | Noticed an orc warrior
  4124 | D:6      | Noticed a sky beast
  4158 | D:7      | Noticed a water moccasin
  4180 | D:7      | Reached XP level 7. HP: 27/45 MP: 10/10
  4194 | D:7      | Reached skill level 5 in Stealth
  4206 | D:7      | Slain by an orc

Illustrated notes

Levels and vault maps discovered:
D:1:      amcnicky_arrival_single_pillar, layout_basic,
          shapermc_ecumenical_altar_flowoftime,
          amcnicky_mini_rare_corridor_liquid
D:2:      layout_rooms
D:3:      layout_basic, nicolae_wormholes, uniq_sigmund
D:4:      layout_rooms, minmay_quantized
D:5:      layout_basic, uniq_grinder
D:6:      layout_basic, minmay_temple_entry_junction_2, minmay_diced_spiral
D:7:      layout_basic, enter_bailey_2, minmay_door_square, st_stairs_1

Skill      XL: |  1  2  3  4  5  6  7 |
---------------+----------------------+-----
Stealth        | 1 2 3 4 5 |  5.2
Short Blades   | 1 2 3 |  3.2
Ice Magic      | 1 2 3 |  3.1
Translocations | 4 |  4.9
Fighting       | |  2.1
Long Blades    | |  2.5
Throwing       | |  1.2
Dodging        | |  2.4
Spellcasting   | |  2.1

Action                   |  1- 3 |  4- 6 |  7- 9 || total
-------------------------+-------+-------+-------++-------
Melee: Falchion          |    11 |       |    20 ||    31
       Constrict         |    16 |    14 |       ||    30
       Tentacles         |    14 |     8 |       ||    22
       Dagger            |    64 |    90 |       ||   154
       Punch             |       |     1 |     1 ||     2
Throw: Javelin           |       |     7 |       ||     7
       Boomerang         |       |     2 |       ||     2
 Cast: Blink             |       |     3 |       ||     3
       Ozocubu's Armour  |       |     1 |       ||     1
       Gell's Gravitas   |       |     2 |       ||     2
  Use: Scroll            |     5 |    11 |     1 ||    17
       Potion            |       |     5 |     1 ||     6
 Stab: Sleeping          |     8 |    13 |       ||    21
Armor: Skin              |     6 |    39 |    13 ||    58
Dodge: Dodged            |    40 |    32 |     9 ||    81

Table legend: (Time is in decaauts)
 A = Elapsed time spent in this place.
 B = Non-inter-level travel time spent in this place.
 C = Inter-level travel time spent in this place.
 D = Time resting spent in this place.
 E = Time spent auto-exploring this place.
 F = Levels seen in this place.
 G = Mean time per level.
                   A        B        C        D        E       F      G
               +--------+--------+--------+--------+--------+-----+--------+
         Total |   4196 |   4129 |     67 |     47 |   3309 |   7 |  599.4 |
       Dungeon |   4196 |   4129 |     67 |     47 |   3309 |   7 |  599.4 |
               +--------+--------+--------+--------+--------+-----+--------+

Top non-repeatable levels by time:
     D:1: 1296 daAuts
     D:2: 982 daAuts
     D:4: 816 daAuts
     D:5: 537 daAuts
     D:3: 364 daAuts
     D:7: 171 daAuts
     D:6: 27 daAuts
